 Dungeon Crawl Stone Soup version 0.30-a0-585-g93115170b9 (webtiles) character file.

Game seed: 3506317384593353101

5793 benadryl the Grappler (level 10, -1/91 HPs)
             Began as a Troll Fighter on Jan 1, 2023.
             Was a Priest of Sif Muna.
             Slain by a cane toad (15 damage)
             ... on level 1 of the Lair of Beasts.
             The game lasted 00:15:39 (8125 turns).

benadryl the Grappler (Troll Fighter)               Turns: 8125, Time: 00:15:39

Health: -1/91      AC:  7    Str: 28    XL:     10   Next: 50%
Magic:  12/13      EV: 10    Int:  6    God:    Sif Muna [***...]
Gold:   1155       SH:  0    Dex:  9    Spells: 6/14 levels left

rFire   + . .      SeeInvis .      - Unarmed
rCold   . . .      Faith    .    (no shield)
rNeg    . . .      Spirit   .    l - +2 robe {Archmagi}
rPois   .          Reflect  .    (helmet restricted)
rElec   .          Harm     .    H - +0 cloak
rCorr   .          Rampage  .    (gloves unavailable)
Will    .....      Archmagi +    (boots unavailable)
Stlth   ++                       t - amulet of the acrobat
HPRegen 1.15/turn                K - ring of wizardry
MPRegen 0.13/turn                x - ring "Roozojoo" {rF+ Stlth+}

@: no status effects
A: large, unfitting armour, claws 3, regeneration 1, shaggy fur 1, tough skin 1
a: Renounce Religion, Channel Magic, Forget Spell


You were on level 1 of the Lair of Beasts.
You worshipped Sif Muna.
Sif Muna was most pleased with you.
You visited 2 branches of the dungeon, and saw 10 of its levels.
You also visited: Sewer.

You collected 1155 gold pieces.

Inventory:

Hand Weapons
 a - the +5 arbalest of the Revolution {drain, Fly rPois rN+}
   (You found it on level 6 of the Dungeon)

   A truly terrible weapon, it drains the life of any living foe it strikes.
   rPois:     It protects you from poison.
   rN:        It protects you from negative energy.
   Fly:       It grants you flight.
 y - a +0 giant spiked club
Missiles
 n - a throwing net
Armour
 b - a +0 kite shield
 l - a +2 robe of the Archmagi (worn)
 H - a +0 cloak (worn)
Jewellery
 f - the necklace of Bloodlust {*Rage Will++ Int-3 Slay+6}
   (You found it on level 9 of the Dungeon)

   [amulet of nothing]

   It extends the wearer's berserk rage when killing foes.
   Int:       It affects your intelligence (-3).
   Slay:      It affects your accuracy & damage with ranged weapons and melee
   (+6).
   *Rage:     It berserks you when you make melee attacks (+50% chance).
   Will:      It greatly increases your willpower.
 t - an amulet of the acrobat (around neck)
 x - the ring "Roozojoo" (right claw) {rF+ Stlth+}
   (You found it on level 9 of the Dungeon)

   [ring of protection from fire]

   rF:        It protects you from fire.
   Stlth:     It makes you more stealthy.
 F - a +5 ring of evasion
 K - a ring of wizardry (left claw)
Wands
 w - a wand of flame (50)
 G - a wand of digging (4)
Scrolls
 d - 2 scrolls of immolation
 e - 2 scrolls of fear
 k - a scroll of butterflies
 r - a scroll of fog
 u - 4 scrolls of teleportation
 v - a scroll of blinking
 z - a scroll of enchant armour {unknown}
 D - a scroll of vulnerability {unknown}
 E - a scroll of brand weapon {unknown}
 J - a scroll of poison {unknown}
Potions
 c - 4 potions of might
 g - a potion of attraction {unknown}
 h - 3 potions of heal wounds
 i - a potion of curing {@q1}
 j - 2 potions of lignification
 m - 3 potions of haste
 o - 2 potions of degeneration {unknown}
 p - 2 potions of flight {unknown}
 q - 4 potions of cancellation
 s - 2 potions of resistance
 A - a potion of brilliance {unknown}
 B - a potion of experience {unknown}
 C - a potion of ambrosia {unknown}
Miscellaneous
 I - a box of beasts


   Skills:
 - Level 3.3 Fighting
 - Level 4.0 Armour
 - Level 2.4 Dodging
 - Level 2.6 Shields
 + Level 8.5 Unarmed Combat
 + Level 2.7 Spellcasting
 * Level 5.1 Conjurations
 - Level 3.1 Summonings
 - Level 5.0 Transmutations
 * Level 2.5 Poison Magic


You had 6 spell levels left.
You knew the following spells:

 Your Spells              Type           Power      Damage    Failure   Level
a - Wereblood             Tmut           10%        N/A       3%          2
b - Beastly Appendage     Tmut           20%        N/A       1%          1
c - Call Imp              Summ           6%         N/A       6%          2
d - Spider Form           Tmut/Pois      8%         N/A       10%         3

Your spell library contained the following spells:

 Spells                   Type           Power      Damage    Failure   Level
 Magic Dart               Conj           40%        1d5       1%          1
 Necrotise                Necr           4%         1d4       16%         1
 Mephitic Cloud           Conj/Pois/Air  5%         N/A       16%         3
 Kindle Blastsparks       Fire/Tloc/Air  2%         2d10      41%         3
 Portal Projectile        Hex/Tloc       2%         N/A       41%         3
 Tukima's Dance           Hex            1%         N/A       41%         3
 Vampiric Draining        Necr           1%         2d6       41%         3
 Blade Hands              Tmut           5%         N/A       45%         5
 Summon Ice Beast         Ice/Summ       4%         N/A       58%         4
 Summon Mana Viper        Hex/Summ       4%         N/A       89%         5
 Silence                  Hex/Air        0%         N/A       98%         5
 Monstrous Menagerie      Summ           3%         N/A       100%        7
 Infestation              Necr           0%         N/A       100%        8
 Necromutation            Tmut/Necr      2%         N/A       100%        8


Dungeon Overview and Level Annotations

Branches:
Dungeon (9/15)             Temple (0/1) D:7            Lair (1/5) D:9
  Sewer (visited)
    Orc: D:9-12

Altars:
Makhleb
Ru
Sif Muna
Uskayaw

Shops:
D:9 [


Innate Abilities, Weirdness & Mutations

You are too large for most types of armour.
You have claws for hands.
Your natural rate of healing is unusually fast.
You are covered in fur. (AC +1)
You have tough skin. (AC +1)


Message History

The cane toad is moderately wounded.
The cane toad closely misses you.
You hit the cane toad but do no damage.
The cane toad is poisoned.
The cane toad is moderately wounded.
The cane toad closely misses you.
You bite the cane toad!
The cane toad is heavily wounded.
The cane toad stings you!
You are poisoned.
The cane toad poisons you!
You hit the cane toad.
The cane toad looks even sicker.
The cane toad is severely wounded.
You feel extremely sick. The cane toad stings you!
You completely miss the cane toad.
The cane toad is severely wounded.
You feel very sick. The cane toad closely misses you.
You hit the cane toad.
The cane toad is severely wounded.
You feel very sick. The cane toad stings you!!
* * * LOW HITPOINT WARNING * * *
You feel very sick. The cane toad attacks as you move away!
The cane toad completely misses you.
You feel very sick.
Your transformation has ended.
Your +0 cloak unmelds from your body.
Your +2 robe of the Archmagi unmelds from your body.
You feel powerful.
You feel very sick. The cane toad barely misses you.
You feel better.
The cane toad stings you but does no damage.
You closely miss the cane toad.
The cane toad is almost dead.
The cane toad stings you!
* * * LOW HITPOINT WARNING * * *
You feel better. The cane toad stings you!
You die...

##.#.#.####......# .
................#..
#..................
##<....#............
#....#......$....#..
##...#..#...........
#..####...#..#.........#
#.........##'#...........
#.............@F.........
#........P...............
.###.##..#P#.########.###
## ######## ##


You could see a cane toad (very poisoned).

Vanquished Creatures
  A two-headed ogre (D:9)
  A komodo dragon (D:5)
  Psyche (D:8)
  A slime creature (D:9)
  A wyvern (D:9)
  3 wraiths
  4 yaks (D:8)
  Grum (D:8)
  A steam dragon (D:8)
  3 orc warriors
  2 black bears
  Pargi (Sewer)
  An ice beast (D:5)
  A sky beast (D:7)
  An ogre (D:5)
  2 wolves (D:8)
  A phantom (D:7)
  2 centaurs
  A bullfrog (D:9)
  A necrophage (D:5)
  3 scorpions
  9 wights
  3 howler monkeys (D:9)
  5 hounds
  9 orc priests
  A jelly (D:4)
  Jessica (D:3)
  An iguana (D:7)
  10 orc wizards
  8 gnolls
  6 adders
  A river rat (D:6)
  3 shadow imps
  A white imp (D:7)
  2 ufetubi
  2 adder zombies (D:2)
  An adder skeleton (D:2)
  A worm (D:3)
  3 dart slugs
  25 orcs
  2 bat skeletons (D:2)
  8 endoplasms
  2 giant cockroaches (D:3)
  6 goblins
  4 hobgoblins
  2 quokkas
  10 ball pythons
  3 ball python zombies (D:2)
  8 bats
  10 frilled lizards
  2 giant cockroach zombies (D:2)
  A kobold (D:2)
  A quokka skeleton (D:2)
  5 rats
189 creatures vanquished.

Vanquished Creatures (others)
  5 wights (D:9)
  A plant (D:1)
  3 withered plants (D:2)
9 creatures vanquished.

Grand Total: 198 creatures vanquished

Notes
Turn   | Place    | Note
-------+----------+-------------------------------------------
     0 | D:1      | benadryl the Troll Fighter began the quest for the Orb.
     0 | D:1      | Reached XP level 1. HP: 22/22 MP: 0/0
    82 | D:1      | Reached XP level 2. HP: 29/29 MP: 1/1
   106 | D:1      | You fall into a shaft and drop 1 floor!
   114 | D:2      | Reached skill level 3 in Unarmed Combat
   220 | D:2      | Reached XP level 3. HP: 36/36 MP: 2/2
   950 | D:2      | Found a shimmering blue altar of Sif Muna.
  1468 | D:3      | Noticed Jessica
  1475 | D:3      | Killed Jessica
  1476 | D:3      | Reached skill level 4 in Unarmed Combat
  1476 | D:3      | Reached XP level 4. HP: 41/44 MP: 3/3
  1808 | D:3      | Got the Almanac of Mortification
  1916 | D:3      | Reached XP level 5. HP: 52/52 MP: 4/4
  2160 | D:3      | Reached skill level 1 in Transmutations
  2793 | D:5      | Entered Level 5 of the Dungeon
  2825 | D:5      | Noticed an ice beast
  2842 | D:5      | Killed an ice beast
  2843 | D:5      | Reached skill level 1 in Spellcasting
  2843 | D:5      | Reached XP level 6. HP: 35/59 MP: 6/6
  2925 | D:2      | Became a worshipper of Sif Muna the Loreminder
  3009 | D:5      | Noticed a komodo dragon
  3014 | D:5      | Reached skill level 5 in Unarmed Combat
  3021 | D:5      | Killed a komodo dragon
  3022 | D:5      | Reached XP level 7. HP: 36/66 MP: 6/8
  3090 | D:5      | Learned a level 2 spell: Wereblood
  3249 | D:5      | Reached XP level 8. HP: 64/75 MP: 8/10
  3257 | D:5      | Learned a level 1 spell: Beastly Appendage
  3315 | D:5      | Reached * piety under Sif Muna
  3394 | D:5      | Reached skill level 6 in Unarmed Combat
  3908 | D:6      | Identified the +5 arbalest of the Revolution {drain, Fly
                  | rPois rN+}
  3960 | D:6      | Found a burning altar of Makhleb.
  4001 | D:6      | Identified the +3 mace "Wiaff" {flame, rPois MP+9}
  4010 | D:6      | Identified a scroll of acquirement
  4010 | D:6      | Acquired 714 gold pieces
  4154 | D:6      | Found a glowing drain.
  4158 | Sewer    | Entered a sewer
  4204 | Sewer    | Noticed Pargi
  4222 | Sewer    | Killed Pargi
  4223 | Sewer    | Reached skill level 1 in Summonings
  4813 | D:7      | Found a staircase to the Ecumenical Temple.
  5086 | D:7      | Reached skill level 1 in Armour
  5133 | D:7      | Found a hide-covered altar of Uskayaw.
  5134 | D:7      | Found a sacrificial altar of Ru.
  5498 | D:8      | Reached skill level 5 in Transmutations
  5551 | D:8      | Reached XP level 9. HP: 83/83 MP: 11/11
  5624 | D:8      | Reached ** piety under Sif Muna
  5625 | D:8      | Reached skill level 7 in Unarmed Combat
  5635 | D:8      | Reached skill level 1 in Conjurations
  6066 | D:8      | Noticed Grum
  6074 | D:8      | Killed Grum
  6089 | D:8      | Noticed Psyche
  6092 | D:8      | Killed Psyche
  6093 | D:8      | Reached skill level 8 in Unarmed Combat
  6449 | D:8      | Reached XP level 10. HP: 54/91 MP: 10/12
  6722 | D:8      | Reached skill level 1 in Poison Magic
  6881 | D:9      | Reached *** piety under Sif Muna
  7251 | D:9      | Found a staircase to the Lair.
  7352 | D:9      | Found the necklace of Bloodlust {*Rage Will++ Int-3 Slay+6}
  7362 | D:9      | Got the Encyclopedia of Vapour
  7363 | D:9      | Identified the ring "Roozojoo" {rF+ Stlth+}
  7509 | D:9      | Found Ujuof's Armour Boutique.
  7623 | D:9      | Noticed a two-headed ogre
  7630 | D:9      | Killed a two-headed ogre
  7631 | D:9      | Reached skill level 5 in Conjurations
  7637 | D:9      | Learned a level 2 spell: Call Imp
  7736 | D:9      | Learned a level 3 spell: Spider Form
  8093 | Lair:1   | Entered Level 1 of the Lair of Beasts
  8108 | Lair:1   | Noticed a cane toad
  8124 | Lair:1   | HP: 2/91 [cane toad (13)]
  8125 | Lair:1   | Slain by a cane toad

Illustrated notes

Levels and vault maps discovered:
D:1:      minmay_arrival_arboretum_small, layout_loops_corners,
          serial_bayou_ford_a
D:2:      layout_loops_cross, basic_altar, serial_undead, serial_undead_b,
          serial_undead_b, serial_undead_b, serial_undead_d, serial_undead_e,
          serial_undead_c, serial_undead_c, serial_undead_f, serial_undead_c,
          serial_undead_f
D:3:      layout_basic, minmay_fractal_squares_gapless_5, uniq_jessica
D:4:      layout_gridville
D:5:      layout_basic
D:6:      layout_gridville, mainiacjoe_overflow_catwalk, gup_sewer_entry_bowl
D:7:      layout_loops_corners, chequers_temple_overflow_statue_of_worship,
          minmay_temple_entry_mist
D:8:      layout_loops_ring, david_defended_altar_orc, uniq_psyche, uniq_grum
D:9:      layout_irregular_city, lair_entry_dummy, serial_shops,
          nicolae_shop_stone, lemuel_flamethrower_hall
Lair:1:   layout_chaotic_city, serial_bayou_shore_a, grunt_megastairs_1,
          lemuel_fruit_fields, infiniplex_staircase_pool_2

Skill      XL: |  1  2  3  4  5  6  7  8  9 10 |
---------------+-------------------------------+-----
Unarmed Combat | 3 4 5 6 8 |  8.5
Transmutations | 2 3 4 5 |  5.0
Spellcasting   | 1 2 |  2.7
Fighting       | 3 |  3.3
Summonings     | 3 |  3.1
Armour         | 1 3 4 |  4.0
Conjurations   | 4 5 |  5.1
Poison Magic   | 2 |  2.5
Dodging        | |  2.4
Shields        | |  2.6

Action                   |  1- 3 |  4- 6 |  7- 9 | 10-12 || total
-------------------------+-------+-------+-------+-------++-------
Melee: Unarmed           |    88 |    90 |   240 |    97 ||   515
       Punch             |       |     1 |     7 |     6 ||    14
       Headbutt          |       |       |    13 |     5 ||    18
       Kick              |       |       |    15 |     6 ||    21
 Fire: Arbalest          |       |       |    30 |     6 ||    36
 Cast: Wereblood         |       |       |     6 |     1 ||     7
       Beastly Appendage |       |       |    11 |     3 ||    14
       Call Imp          |       |       |       |     4 ||     4
       Spider Form       |       |       |       |     2 ||     2
  Use: Scroll            |       |     7 |     8 |     3 ||    18
       Potion            |       |       |       |     2 ||     2
 Stab: Sleeping          |     1 |       |       |       ||     1
Armor: Robe              |    29 |    29 |    63 |    21 ||   142
Dodge: Dodged            |    26 |    41 |   136 |    81 ||   284
Block: Kite shield       |    27 |     7 |       |       ||    34

Table legend: (Time is in decaauts)
 A = Elapsed time spent in this place.
 B = Non-inter-level travel time spent in this place.
 C = Inter-level travel time spent in this place.
 D = Time resting spent in this place.
 E = Time spent auto-exploring this place.
 F = Levels seen in this place.
 G = Mean time per level.
                   A        B        C        D        E       F      G
               +--------+--------+--------+--------+--------+-----+--------+
         Total |   8124 |   7696 |    428 |    928 |   5282 |  11 |  738.5 |
       Dungeon |   7939 |   7512 |    427 |    928 |   5275 |   9 |  882.1 |
          Lair |     30 |     30 |      0 |      0 |      7 |   1 |   30.0 |
         Sewer |    154 |    154 |      0 |      0 |      0 |   1 |  154.0 |
               +--------+--------+--------+--------+--------+-----+--------+

Top non-repeatable levels by time:
     D:8: 1616 daAuts
     D:9: 1164 daAuts
     D:5: 984 daAuts
     D:3: 851 daAuts
     D:7: 807 daAuts
     D:1: 794 daAuts
     D:2: 717 daAuts
     D:4: 538 daAuts
     D:6: 464 daAuts
   Sewer: 154 daAuts
  Lair:1: 30 daAuts
